 Dungeon Crawl Stone Soup version 0.24.0-125-gc4c63601f3 (webtiles) character file.

Game seed: 14708801455966988290, levelgen mode: deterministic

6238 Anathary the Carver (level 10, -4/62 (63) HPs)
             Began as a Demonspawn Fighter on Mar 11, 2020.
             Was a Follower of Hepliaklqana.
             Slain by a nine-headed hydra (5 damage)
             ... on level 1 of the Lair of Beasts.
             The game lasted 00:54:00 (11367 turns).

Anathary the Carver (Demonspawn Fighter)           Turns: 11367, Time: 00:54:04

HP:   -4/62 (63)    AC:  9    Str: 20    XL:     10   Next: 62%
MP:   0/10          EV:  9    Int: 10    God:    Hepliaklqana [*.....]
Gold: 451           SH: 10    Dex: 12    Spells: 9/9 levels left

rFire    + + .     SeeInvis .   a - +1 long sword
rCold    x . .     Gourm    .   c - +1 shield
rNeg     . . .     Faith    .   b - +0 scale mail
rPois    .         Spirit   +   (no helmet)
rElec    .         Reflect  .   n - +1 cloak
rCorr    .         Harm     .   (gloves unavailable)
MR       .....                  (no boots)
Stlth    ..........             p - amulet of guardian spirit
HPRegen  0.20/turn              (no ring)
MPRegen  0.12/turn              q - ring of fire

@: no status effects
A: reduced essence, claws 3, repulsion field 1, demonic guardian 2, fire
resistance 1
a: Recall Ancestor, Ancestor Identity, Renounce Religion


You were on level 1 of the Lair of Beasts.
You worshipped Hepliaklqana.
Hepliaklqana was aware of your devotion.
You were not hungry.

You visited 3 branches of the dungeon, and saw 11 of its levels.

You collected 451 gold pieces.

Inventory:

Hand Weapons
 a - a +1 long sword (weapon)
Armour
 b - a +0 scale mail (worn)
 c - a +1 shield (worn)
 n - a +1 cloak (worn)
Jewellery
 p - an amulet of guardian spirit (around neck)
 q - a ring of fire (right claw)
 y - an uncursed amulet of faith
Wands
 o - a wand of acid (10)
 s - a wand of polymorph (5)
 B - a wand of digging (7)
Scrolls
 e - 2 scrolls of immolation {unknown}
 g - 5 scrolls of remove curse
 k - 9 scrolls of teleportation
 m - a scroll of amnesia {unknown}
 u - 3 scrolls of magic mapping
 z - a scroll of torment {unknown}
 C - a scroll of silence {unknown}
 E - a scroll of holy word {unknown}
 G - a scroll of fog
 H - a scroll of fear {unknown}
 I - 3 scrolls of enchant armour
 J - a scroll of vulnerability {unknown}
Potions
 d - a potion of might
 f - 3 potions of magic
 h - 2 potions of resistance
 i - a potion of berserk rage
 j - 3 potions of invisibility
 l - 9 potions of curing
 r - 2 potions of brilliance
 t - a potion of cancellation
 v - 2 potions of flight
 w - a potion of agility {unknown}
 x - 2 potions of mutation {unknown}
 D - a potion of lignification {unknown}
 F - a potion of heal wounds {unknown}
Comestibles
 A - 11 rations


   Skills:
 + Level 4.0 Fighting
 * Level 13.8 Long Blades
 + Level 3.8 Armour
 - Level 0.6 Stealth
 - Level 2.6 Shields


You had 9 spell levels left.
You didn't know any spells.
Your spell library contained the following spells:

 Spells                   Type           Power        Failure   Level  Hunger
 Corona                   Hex            #......      99%         1    ##.....
 Magic Dart               Conj           #...         99%         1    ##.....
 Summon Small Mammal      Summ           #...         99%         1    ##.....
 Blink                    Tloc           N/A          100%        2    ###....
 Call Imp                 Summ           #.......     100%        2    ###....
 Ensorcelled Hibernation  Hex/Ice        #.....       100%        2    ###....
 Slow                     Hex            #.......     100%        2    ###....
 Call Canine Familiar     Summ           #.......     100%        3    ####...
 Confuse                  Hex            #.......     100%        3    ####...
 Conjure Flame            Conj/Fire      #.......     100%        3    ####...
 Dazzling Spray           Conj/Hex       #.....       100%        3    ####...
 Mephitic Cloud           Conj/Pois/Air  #.......     100%        3    ####...
 Summon Guardian Golem    Hex/Summ       #.......     100%        3    ####...
 Tukima's Dance           Hex            #.......     100%        3    ####...
 Summon Ice Beast         Ice/Summ       #.......     100%        4    #####..
 Summon Lightning Spire   Summ/Air       #.......     100%        4    #####..


Dungeon Overview and Level Annotations

Branches:
Dungeon (9/15)             Temple (1/1) D:7            Lair (1/6) D:9
    Orc: D:9-12

Altars:
Ashenzari
Cheibriados
Dithmenos
Elyvilon
Fedhas
Gozag
Hepliaklqana
Kikubaaqudgha
Makhleb
Nemelex Xobeh
Okawaru
Qazlal
Ru
Sif Muna
Trog
Uskayaw
Vehumet
Wu Jian
Xom
Yredelemnul
Zin
The Shining One

Shops:
D:9 %(


Innate Abilities, Weirdness & Mutations

You have claws for hands.
You are surrounded by a mild repulsion field. (EV +2)
A demonic guardian rushes to your aid.
Your flesh is heat resistant. (rF+)
Your life essence is reduced to manifest your ancestor. (-10% HP)


Message History

You block the eight-headed hydra's attack.
The eight-headed hydra barely misses you.
The eight-headed hydra bites you!
Your soul eater barely misses the eight-headed hydra.
Numeria hits the eight-headed hydra!
Your soul eater hits the eight-headed hydra!!
You hack one of the eight-headed hydra's heads off!
The seven-headed hydra grows two more!
You slash the nine-headed hydra!
The nine-headed hydra is almost dead.
You block the nine-headed hydra's attack. x2
The nine-headed hydra bites you!
* * * LOW HITPOINT WARNING * * *
The nine-headed hydra bites you but does no damage.
The nine-headed hydra bites you.
* * * LOW HITPOINT WARNING * * *
The nine-headed hydra bites you but does no damage.
The nine-headed hydra bites you!
* * * LOW HITPOINT WARNING * * *
The nine-headed hydra bites you.
You die...

.............#
####.##......#
......#......# ...
......#......# .....
......#......# .....
......#......# ### ...#
...(..#......####.##...#
....................#.#.#
#.###.#.........@........
.................D3R#.#.
.######.##.######..#.....
# ###### #### .#.#


You could see the friendly Numeria the ancestor, a nine-headed hydra and a
friendly soul eater.

Vanquished Creatures
  A rime drake (Lair:1)
  A water moccasin (D:8)
  A porcupine (Lair:1)
  2 sky beasts
  A phantom (D:4)
  A necrophage (D:6)
  An ice beast (D:8)
  2 ogres
  2 centaurs
  2 big kobolds
  3 bullfrogs
  3 scorpions
  6 killer bees
  3 wights (D:9)
  3 howler monkeys (D:7)
  2 crimson imps
  A bullfrog zombie (D:6)
  An orc priest (D:7)
  3 bullfrog skeletons
  3 hounds
  3 jellies (D:5)
  4 orc wizards
  Natasha (twice) (D:4)
  2 worker ants
  4 gnolls
  A howler monkey skeleton (D:8)
  3 river rats (D:3)
  17 adders
  A shadow imp (D:5)
  4 oozes
  4 worms
  3 dart slugs
  2 leopard geckos
  15 orcs
  5 giant cockroaches
  10 goblins
  12 hobgoblins
  15 jackals
  23 kobolds
  10 quokkas
  4 ball pythons
  4 bats
  3 frilled lizards
  A quokka skeleton (D:6)
  A quokka zombie (D:6)
  11 rats
206 creatures vanquished.

Vanquished Creatures (collateral kills)
  A hydra (Lair:1)
  A two-headed ogre (D:7)
  A troll (D:9)
  Grinder (D:3)
  Prince Ribbit (D:7)
  3 slime creatures (D:5)
  A hippogriff (D:9)
  Edmund (D:4)
  A water moccasin (D:8)
  2 orc warriors
  4 sky beasts
  2 ice beasts
  A phantom (D:9)
  A crocodile (Lair:1)
  2 big kobolds (D:5)
  A bullfrog (Lair:1)
  9 killer bees
  3 howler monkeys (D:7)
  A crimson imp (D:8)
  A centaur zombie (D:7)
  A hound (D:5)
  An orc wizard (D:7)
  2 orc priests (D:8)
  4 jellies
  Crazy Yiuf (D:2)
  A bullfrog skeleton (D:7)
  A worker ant (D:5)
  Robin (D:2)
  An adder (D:3)
  2 gnolls
  A shadow imp (D:5)
  3 oozes (D:5)
  An adder skeleton (D:8)
  5 orcs
  6 goblins
  A hobgoblin (D:2)
  A jackal (D:5)
  A rat (D:3)
72 creatures vanquished.

Vanquished Creatures (others)
  3 ancestors
  7 fungi (D:5)
  6 toadstools (D:5)
16 creatures vanquished.

Grand Total: 294 creatures vanquished

Notes
Turn   | Place    | Note
-------+----------+-------------------------------------------
     0 | D:1      | Anathary the Demonspawn Fighter began the quest for the
                  | Orb.
     0 | D:1      | Reached XP level 1. HP: 18/18 MP: 1/1
   150 | D:1      | Reached skill level 2 in Long Blades
   384 | D:1      | Gained mutation: You have sharp fingernails. [demonic
                  | ancestry]
   384 | D:1      | Reached XP level 2. HP: 4/24 MP: 2/2
   922 | D:1      | Reached skill level 3 in Long Blades
  1331 | D:2      | Gained mutation: A weak demonic guardian rushes to your
                  | aid. [demonic ancestry]
  1331 | D:2      | Reached XP level 3. HP: 29/29 MP: 3/3
  1528 | D:2      | Reached XP level 4. HP: 28/35 MP: 4/4
  1533 | D:2      | Reached skill level 4 in Long Blades
  1838 | D:2      | Found a runed translucent door.
  1839 | D:2      | Noticed Crazy Yiuf
  1846 | D:2      | Killed Crazy Yiuf
  2134 | D:2      | Noticed Robin
  2143 | D:2      | Killed Robin
  2151 | D:2      | Gained mutation: You have very sharp fingernails. [demonic
                  | ancestry]
  2151 | D:2      | Reached XP level 5. HP: 19/41 MP: 5/5
  2641 | D:3      | Reached skill level 5 in Long Blades
  3383 | D:3      | Gained mutation: Your flesh is heat resistant. (rF+)
                  | [demonic ancestry]
  3383 | D:3      | Reached XP level 6. HP: 28/47 MP: 6/6
  3807 | D:3      | Noticed Grinder
  3809 | D:3      | Paralysed by Grinder for 2 turns
  3852 | D:3      | Paralysed by Grinder for 6 turns
  3859 | D:3      | Killed Grinder
  3859 | D:3      | Reached skill level 6 in Long Blades
  4516 | D:4      | Found a sacrificial altar of Ru.
  4524 | D:4      | Reached skill level 7 in Long Blades
  4524 | D:4      | Gained mutation: A demonic guardian rushes to your aid.
                  | [demonic ancestry]
  4524 | D:4      | Reached XP level 7. HP: 47/52 MP: 7/7
  4643 | D:4      | Noticed Edmund
  4650 | D:4      | Killed Edmund
  4909 | D:4      | Noticed Natasha
  4922 | D:4      | Killed Natasha
  5126 | D:4      | Noticed Natasha
  5133 | D:4      | Killed Natasha
  5382 | D:5      | Entered Level 5 of the Dungeon
  5433 | D:5      | Reached skill level 8 in Long Blades
  5691 | D:5      | Gained mutation: You are surrounded by a mild repulsion
                  | field. (EV +2) [demonic ancestry]
  5691 | D:5      | Reached XP level 8. HP: 34/58 MP: 8/8
  5923 | D:5      | Reached skill level 9 in Long Blades
  6306 | D:5      | Noticed a slime creature
  6306 | D:5      | Noticed a slime creature
  6306 | D:5      | Noticed a slime creature
  6317 | D:5      | Killed a slime creature
  6317 | D:5      | Reached skill level 10 in Long Blades
  6329 | D:5      | Killed a slime creature
  6334 | D:5      | Killed a slime creature
  6384 | D:5      | HP: 2/58 [acid (5)]
  6922 | D:6      | Gained mutation: You have claws for hands. [demonic
                  | ancestry]
  6922 | D:6      | Reached XP level 9. HP: 51/63 MP: 9/9
  7070 | D:6      | Reached skill level 11 in Long Blades
  8176 | D:7      | Noticed Prince Ribbit
  8189 | D:7      | Noticed a two-headed ogre
  8196 | D:7      | Reached skill level 12 in Long Blades
  8220 | D:7      | Killed a two-headed ogre
  8236 | D:7      | Killed Prince Ribbit
  8743 | D:7      | Found a staircase to the Ecumenical Temple.
  8753 | Temple   | Entered the Ecumenical Temple
  8806 | Temple   | Became a worshipper of Hepliaklqana the Forgotten
  9098 | D:8      | Reached XP level 10. HP: 18/62 MP: 10/10
  9426 | D:8      | Reached skill level 13 in Long Blades
 10175 | D:9      | Found Jeres's Weapon Shop.
 10180 | D:9      | Found a staircase to the Lair.
 10227 | D:9      | Found Zeig's Food Emporium.
 10377 | D:9      | Found a burning altar of Makhleb.
 10514 | D:9      | Reached * piety under Hepliaklqana
 10893 | Lair:1   | Entered Level 1 of the Lair of Beasts
 11204 | Lair:1   | Noticed a seven-headed hydra
 11211 | Lair:1   | Killed a nine-headed hydra
 11357 | Lair:1   | Noticed an eight-headed hydra
 11367 | Lair:1   | HP: 1/62 [nine-headed hydra (7)]
 11367 | Lair:1   | Slain by a nine-headed hydra

Levels and vault maps discovered:
D:1:      onia_arrival_pentagram, layout_basic, roderic_serpentine_path
D:2:      layout_rooms, minmay_pentomino_p4, uniq_robin, uniq_crazy_yiuf_cottage
D:3:      layout_loops_corners, lightli_sewer_entry_pipes,
          chequers_serial_rivers_micro_a, kennysheep_generic_room_7,
          uniq_grinder
D:4:      layout_basic, serial_bayou_pond_b, st_stairs_13,
          nicolae_ru_great_annihilating_truth, uniq_natasha, uniq_edmund
D:5:      cheibrodos_fertilizer, layout_basic, first_ration
D:6:      layout_gridville, minmay_misc_feat_plants, minmay_unpleasant_kobolds
D:7:      layout_rooms, temple_pool_b, uniq_prince_ribbit1
D:8:      layout_basic
D:9:      layout_irregular_city, lightli_temple_of_fire, lair_entry_dummy,
          serial_shops, nicolae_shop_statue_plus, nicolae_shop_crystal,
          blue_anna_alchemist [blue_anna_fruit_fields, blue_anna_fruit_fields]
Temple:   kilobyte_greek_temple
Lair:1:   layout_regular_city, gammafunk_ghost_cemetery, st_stairs_8

Skill      XL: |  1  2  3  4  5  6  7  8  9 10 |
---------------+-------------------------------+-----
Long Blades    | 2 3 4 5 7 8 10 12 13 | 13.8
Armour         | 3 |  3.8
Fighting       | 4 |  4.0
Stealth        | |  0.6
Shields        | |  2.6

Action                   |  1- 3 |  4- 6 |  7- 9 | 10-12 || total
-------------------------+-------+-------+-------+-------++-------
Melee: Long sword        |   110 |   262 |   426 |   164 ||   962
Invok: Recall Ancestor   |       |       |     1 |       ||     1
  Use: Scroll            |       |     5 |     9 |     5 ||    19
 Stab: Distracted        |       |     1 |       |     1 ||     2
       Paralysed         |       |       |     1 |       ||     1
  Eat: Chunk             |     2 |     2 |     3 |       ||     7
       Ration            |       |     2 |     4 |     2 ||     8
Armor: Scale mail        |    59 |   108 |   151 |    52 ||   370
Dodge: Dodged            |    20 |    64 |   136 |    51 ||   271
Block: Shield            |    71 |   100 |   181 |    65 ||   417
       Rpst.: Long sword |     3 |    21 |    45 |     9 ||    78
